[Event "50th Ciudad Sevilla 2024"]
[Site "Sevilla"]
[Date "2025.01.10"]
[Round "1.1"]
[White "Xu, Xiangyu"]
[Black "Morais, Vitor"]
[Result "1-0"]
[Annotator "RC"]
[ECO "A45"]
[WhiteElo "2611"]
[BlackElo "1866"]
[PlyCount "95"]
[EventDate "2025.01.10"]
[EventType "swiss"]
[EventCountry "ESP"]
[SourceTitle "playchess.com"]
[Source "ChessBase"]
[SourceQuality "1"]
[TimeControl "90+30"]

1. d4 Nf6 2. Bg5 Ne4 3. Bf4 d5 4. e3 c5 5. Nd2 Nxd2 6. Qxd2 e6 7. Nf3 Be7 8. dxc5 Bxc5 9. Qc3 Be7 10. Bc7 Bb4 11. Qxb4 Qxc7 12. c4 Nc6 13. Qc3 O-O 14. cxd5 exd5 15. Bb5 Qa5 16. Qxa5 Nxa5 17. Rc1 a6 18. Bd3 Nc6 19. Kd2 Bg4 20. Nd4 Nxd4 21. exd4 Rac8 22. Rc5 Rxc5 23. dxc5 Rc8 24. Rc1 Bd7 25. Ke3 Bc6 26. Kd4 Re8 27. b4 Kf8 28. f3 g6 29. Ra1 Ba4 30. Kxd5 Rd8+ 31. Ke4 f5+ 32. Ke3 f4+ 33. Ke2 Rd4 34. a3 Kg7 35. Be4 Rd7 36. Ra2 Bb5+ 37. Ke1 Re7 38. Rd2 Bc6 39. Re2 Ba4 40. Rd2 Bc6 41. Rd4 g5 42. Kf2 Bxe4 43. fxe4 h6 44. Kf3 Rc7 45. e5 a5 46. Ke4 axb4 47. axb4 Re7 48. Rd6 1-0

[Event "50th Ciudad Sevilla 2024"]
[Site "Sevilla"]
[Date "2025.01.10"]
[Round "1.2"]
[White "Moncada Rodriguez, Cristobal"]
[Black "Iturrizaga Bonelli, Eduardo"]
[Result "0-1"]
[Annotator "RC"]
[ECO "D01"]
[WhiteElo "1865"]
[BlackElo "2574"]
[PlyCount "56"]
[EventDate "2025.01.10"]
[EventType "swiss"]
[EventCountry "ESP"]
[SourceTitle "playchess.com"]
[Source "ChessBase"]
[SourceQuality "1"]
[TimeControl "90+30"]

1. d4 Nf6 2. Nc3 d5 3. Bf4 a6 4. e3 c5 5. dxc5 Nc6 6. Nf3 Bg4 7. a3 e5 8. Bg5 e4 9. h3 Be6 10. Nd4 Bxc5 11. Be2 Nxd4 12. exd4 Bd6 13. Qd2 h6 14. Bf4 Bxf4 15. Qxf4 Rc8 16. Qd2 O-O 17. O-O Ne8 18. Na4 Rc6 19. Nc5 Bc8 20. f4 Rg6 21. Qe3 Nd6 22. g4 f5 23. g5 hxg5 24. Kh2 g4 25. Rg1 Rh6 26. Rg3 Ne8 27. Rag1 Nf6 28. Kg2 Nh5 0-1

[Event "50th Ciudad Sevilla 2024"]
[Site "Sevilla"]
[Date "2025.01.10"]
[Round "1.4"]
[White "Reina Aguilar, Marcelo"]
[Black "Agdestein, Simen"]
[Result "0-1"]
[Annotator "TA"]
[ECO "A45"]
[WhiteElo "1861"]
[BlackElo "2564"]
[PlyCount "60"]
[EventDate "2025.01.10"]
[EventType "swiss"]
[EventCountry "ESP"]
[SourceTitle "playchess.com"]
[Source "ChessBase"]
[SourceQuality "1"]
[TimeControl "90+30"]

1. d4 Nf6 2. Bg5 Ne4 3. Bh4 c5 4. f3 g5 5. fxe4 gxh4 6. c3 Qb6 7. Qb3 cxd4 8. Qxb6 {[%emt 0:00:00] The position is equal.} axb6 9. cxd4 Nc6 10. Nf3 Bh6 $36 {[%emt 0:00:00][%cal Od7d5][%mdl 2048] White must now prevent ...d5! White is under pressure.} 11. Nc3 Nb4 {[%emt 0:00:00] Hoping for ...Nc2+.} 12. Nd5 Nxd5 (12... Rxa2 $6 13. Rxa2 Nxa2 14. e3 $16 (14. Nxb6 Kd8 $16) (14. Nxh4 e6 $11)) 13. exd5 Be3 14. a4 $1 f5 15. d6 (15. g3 $11 {keeps the balance.}) 15... f4 (15... exd6 16. Ra3 f4 17. g3 $11) 16. b4 {[%emt 0:00:00] Black continues to play with concentration.} ({Better is} 16. Nxh4 $15 Bxd4 17. Ra2) 16... b5 $17 (16... exd6 $6 17. g3 $11) 17. a5 b6 (17... exd6 18. Nxh4 Bxd4 19. Ra3) 18. dxe7 (18. g3 $17) 18... bxa5 (18... Kxe7 19. Nxh4 Rf8 (19... Bxd4 $2 20. Nf5+ Kf6 21. Nxd4 $18) 20. g3 $17) 19. bxa5 d6 ({Resist} 19... Kxe7 20. g3) 20. Kd1 $2 (20. Rb1 {was called for.}) 20... Kxe7 $19 21. Nxh4 Bd7 {[%emt 0:00:00] A strong pair of Bishops.} ({Less strong is} 21... Bxd4 22. Rb1 $19) 22. d5 (22. g4 $19 Rhc8 (22... Bxg4 $2 23. Bg2 $19) (22... Bxd4 $2 23. Rb1 $19) 23. Rb1) 22... Rhc8 {[%emt 0:00:00] White is weak on the dark squares} 23. g3 {[%emt 0:00:00] [#]} Rxa5 $3 24. Rb1 {[%emt 0:00:00] [#]} b4 $1 25. Ng2 (25. Ng6+ hxg6) 25... Rxd5+ 26. Ke1 Rdc5 {[%emt 0:00:00] Black mates.} 27. Nxe3 fxe3 28. Rd1 Rc1 29. Bg2 Rxd1+ 30. Kxd1 Ba4+ {[%emt 0:00:00] Weighted Error Value: White=0.59/Black=0.24 (precise) .  Mistake:       	White=5     	---        Inaccurate:     	---       	Black=2      OK:         	White=5     	Black=8      Best:        	White=2     	Black=1      Strong:       	White=1     	---} 0-1

[Event "50th Ciudad Sevilla 2024"]
[Site "Sevilla"]
[Date "2025.01.10"]
[Round "1.5"]
[White "Li, Di"]
[Black "Gonzalez Pabollet, Jesus Maria S"]
[Result "1-0"]
[Annotator "RC"]
[ECO "A45"]
[WhiteElo "2544"]
[BlackElo "1860"]
[PlyCount "38"]
[EventDate "2025.01.10"]
[EventType "swiss"]
[EventCountry "ESP"]
[SourceTitle "playchess.com"]
[Source "ChessBase"]
[SourceQuality "1"]
[TimeControl "90+30"]

1. d4 Nf6 2. Nc3 e6 3. e4 d6 4. Be3 Nbd7 5. g4 h6 6. Bg2 e5 7. h3 Be7 8. Nge2 b6 9. Qd2 Ba6 10. O-O-O c5 11. dxe5 dxe5 12. Ng3 Qc7 13. Nf5 Rg8 14. f4 Bc4 15. Bf1 Bxf1 16. Rhxf1 Bf8 17. g5 hxg5 18. fxg5 Nh5 19. Qd5 Rc8 1-0

[Event "50th Ciudad Sevilla 2024"]
[Site "Sevilla"]
[Date "2025.01.10"]
[Round "1.6"]
[White "De La Cruz Fernandez, Juan C."]
[Black "Makhnev, Denis"]
[Result "0-1"]
[Annotator "RC"]
[ECO "A46"]
[WhiteElo "1860"]
[BlackElo "2532"]
[PlyCount "54"]
[EventDate "2025.01.10"]
[EventType "swiss"]
[EventCountry "ESP"]
[SourceTitle "playchess.com"]
[Source "ChessBase"]
[SourceQuality "1"]
[TimeControl "90+30"]

1. d4 Nf6 2. Bg5 e6 3. Nf3 h6 4. Bh4 b6 5. e3 Bb7 6. Nbd2 Be7 7. c3 d6 8. Qa4+ Kf8 9. Rd1 a6 10. Qc2 Nbd7 11. e4 g5 12. Bg3 Nh5 13. Be2 g4 14. Ng1 Rg8 15. h3 Nxg3 16. fxg3 h5 17. Qd3 c5 18. d5 Ne5 19. Qe3 Bg5 20. Qf2 exd5 21. exd5 Bxd5 22. hxg4 hxg4 23. Nf1 Bxa2 24. Ne3 Bb3 25. Ra1 Qe7 26. Kf1 Nd3 27. Bxd3 Bxe3 0-1

[Event "50th Ciudad Sevilla 2024"]
[Site "Sevilla"]
[Date "2025.01.10"]
[Round "1.7"]
[White "Vignesh N R"]
[Black "Lucena Palomo, Alberto"]
[Result "1-0"]
[Annotator "RC"]
[ECO "B31"]
[WhiteElo "2523"]
[BlackElo "1854"]
[PlyCount "51"]
[EventDate "2025.01.10"]
[EventType "swiss"]
[EventCountry "ESP"]
[SourceTitle "playchess.com"]
[Source "ChessBase"]
[SourceQuality "1"]
[TimeControl "90+30"]

1. e4 c5 2. Nf3 Nc6 3. Bb5 g6 4. O-O Bg7 5. c3 e6 6. d4 cxd4 7. cxd4 Qb6 8. Na3 Bf8 9. Ba4 d5 10. exd5 exd5 11. Re1+ Nge7 12. Nb5 Be6 13. Bf4 Kd7 14. Ne5+ Nxe5 15. Bxe5 Nc6 16. Bxh8 Bb4 17. Be5 Bxe1 18. Qxe1 f6 19. Nc7 Rc8 20. Nxe6 fxe5 21. Qxe5 Re8 22. Qxd5+ Kc8 23. Rc1 Qxb2 24. Rxc6+ Kb8 25. Qe5+ Ka8 26. Nc7+ 1-0

[Event "50th Ciudad Sevilla 2024"]
[Site "Sevilla"]
[Date "2025.01.10"]
[Round "1.8"]
[White "Gutierrez Marconi, Christian Fernando"]
[Black "Kvaloy, Aksel Bu"]
[Result "0-1"]
[Annotator "RC"]
[ECO "A46"]
[WhiteElo "1853"]
[BlackElo "2487"]
[PlyCount "44"]
[EventDate "2025.01.10"]
[EventType "swiss"]
[EventCountry "ESP"]
[SourceTitle "playchess.com"]
[Source "ChessBase"]
[SourceQuality "1"]
[TimeControl "90+30"]

1. d4 Nf6 2. Nf3 e6 3. g3 d5 4. Bg2 Be7 5. O-O O-O 6. c3 c5 7. Nbd2 Nc6 8. Re1 cxd4 9. cxd4 b6 10. a3 a5 11. b3 Ba6 12. Bb2 Rc8 13. Ne5 Nxe5 14. dxe5 Nd7 15. e4 Nc5 16. Bf1 Bxf1 17. Rxf1 dxe4 18. Qe2 Qd3 19. Rfe1 Rfd8 20. Rad1 Qxe2 21. Rxe2 Nxb3 22. h4 Rc2 0-1

[Event "50th Ciudad Sevilla 2024"]
[Site "Sevilla"]
[Date "2025.01.10"]
[Round "1.9"]
[White "Mitusov, Semen"]
[Black "Castillo Trujillo, Luis"]
[Result "1-0"]
[Annotator "RC"]
[ECO "B76"]
[WhiteElo "2463"]
[BlackElo "1852"]
[PlyCount "101"]
[EventDate "2025.01.10"]
[EventType "swiss"]
[EventCountry "ESP"]
[SourceTitle "playchess.com"]
[Source "ChessBase"]
[SourceQuality "1"]
[TimeControl "90+30"]

1. e4 c5 2. Nf3 d6 3. d4 cxd4 4. Nxd4 Nf6 5. Nc3 g6 6. Be3 Bg7 7. f3 O-O 8. Qd2 Nc6 9. O-O-O d5 10. exd5 Nxd5 11. Nxc6 bxc6 12. Bd4 Nxc3 13. Qxc3 Bxd4 14. Rxd4 Qb6 15. h4 h6 16. Bc4 Ba6 17. h5 g5 18. f4 c5 19. Re4 Bxc4 20. Rxc4 gxf4 21. Rxf4 f5 22. Rhf1 Rf6 23. g4 Raf8 24. gxf5 Qa6 25. b3 Qd6 26. Rg4+ Kh7 27. Rg6 Qd4 28. Qxd4 cxd4 29. Re1 Rxf5 30. Rxe7+ R8f7 31. Rxf7+ Rxf7 32. Ra6 Kg7 33. Rg6+ Kh7 34. Rd6 Rf5 35. Rxd4 Rxh5 36. Rd7+ Kg6 37. Rxa7 Rh1+ 38. Kb2 h5 39. Ra8 h4 40. a4 Rf1 41. Rg8+ Kh5 42. a5 Rf6 43. Rh8+ Kg4 44. b4 h3 45. Kb3 Kg3 46. b5 Rf3+ 47. c3 h2 48. a6 Rf1 49. a7 Ra1 50. b6 Rb1+ 51. Ka2 1-0

[Event "50th Ciudad Sevilla 2024"]
[Site "Sevilla"]
[Date "2025.01.10"]
[Round "1.10"]
[White "Kacem Rian"]
[Black "Urazayev, Arystanbek"]
[Result "0-1"]
[Annotator "RC"]
[ECO "D37"]
[WhiteElo "1852"]
[BlackElo "2448"]
[PlyCount "75"]
[EventDate "2025.01.10"]
[EventType "swiss"]
[EventCountry "ESP"]
[SourceTitle "playchess.com"]
[Source "ChessBase"]
[SourceQuality "1"]
[TimeControl "90+30"]

1. d4 Nf6 2. Nf3 e6 3. c4 d5 4. Nc3 Nbd7 5. Bg5 h6 6. Bd2 c6 7. e3 Bd6 8. Bd3 dxc4 9. Bxc4 b5 10. Bd3 Bb7 11. O-O O-O 12. Rc1 Rc8 13. a3 a5 14. Ne4 Nxe4 15. Bxe4 b4 16. axb4 axb4 17. Bb1 c5 18. dxc5 Bxc5 19. Qe2 Qb6 20. Rfd1 Rfd8 21. Be1 Nf6 22. Rxd8+ Rxd8 23. Rd1 Rc8 24. h3 Be7 25. Nd4 g6 26. Qb5 Qxb5 27. Nxb5 e5 28. Bd3 Kg7 29. Be2 Bd5 30. Bf3 Bb3 31. Na7 Rc2 32. Rd2 Rc1 33. Kf1 Ba4 34. Be2 Ne4 35. Rd5 Bb3 36. Rd7 Bh4 37. g3 Nxg3+ 38. fxg3 0-1

[Event "50th Ciudad Sevilla 2024"]
[Site "Sevilla"]
[Date "2025.01.10"]
[Round "1.11"]
[White "Ilinca, Felix-Antonio"]
[Black "Delgado Lozano, Ignacio Maria"]
[Result "1-0"]
[Annotator "RC"]
[ECO "B12"]
[WhiteElo "2440"]
[BlackElo "1851"]
[PlyCount "53"]
[EventDate "2025.01.10"]
[EventType "swiss"]
[EventCountry "ESP"]
[SourceTitle "playchess.com"]
[Source "ChessBase"]
[SourceQuality "1"]
[TimeControl "90+30"]

1. e4 c6 2. d4 d5 3. e5 Bf5 4. Nf3 e6 5. Be2 Ne7 6. O-O Nd7 7. c3 c5 8. c4 dxc4 9. Na3 a6 10. Nxc4 Nd5 11. Bg5 Qc7 12. Rc1 h6 13. Bh4 b5 14. Nd6+ Bxd6 15. exd6 Qxd6 16. dxc5 Nxc5 17. Bg3 Qb6 18. Qd4 Nd7 19. Qxg7 Rh7 20. Qg8+ Nf8 21. Be5 f6 22. Bd4 Qb7 23. Nh4 Qf7 24. Qg3 Rg7 25. Nxf5 exf5 26. Bh5 Ng6 27. Qd6 1-0

[Event "50th Ciudad Sevilla 2024"]
[Site "Sevilla"]
[Date "2025.01.10"]
[Round "1.12"]
[White "Cruz Rodriguez, Israel"]
[Black "Druska, Juraj"]
[Result "0-1"]
[Annotator "RC"]
[ECO "B23"]
[WhiteElo "1848"]
[BlackElo "2438"]
[PlyCount "58"]
[EventDate "2025.01.10"]
[EventType "swiss"]
[EventCountry "ESP"]
[SourceTitle "playchess.com"]
[Source "ChessBase"]
[SourceQuality "1"]
[TimeControl "90+30"]

1. e4 c5 2. Nc3 g6 3. Nf3 Bg7 4. Bc4 Nc6 5. O-O d6 6. d3 e6 7. Re1 Nge7 8. Bg5 h6 9. Bh4 g5 10. Bg3 Ng6 11. Rb1 g4 12. Nd2 h5 13. Nb5 Nce5 14. Bxe5 Bxe5 15. Nc3 a6 16. a4 Qg5 17. Ne2 h4 18. Rf1 Nf4 19. c3 Bd7 20. d4 cxd4 21. Nxd4 Nh3+ 22. Kh1 Qf4 23. N4f3 gxf3 24. Nxf3 Bc6 25. Qd2 Bxe4 26. Qxf4 Nxf4 27. Rbe1 h3 28. Rxe4 hxg2+ 29. Kg1 Rg8 0-1

[Event "50th Ciudad Sevilla 2024"]
[Site "Sevilla"]
[Date "2025.01.10"]
[Round "1.13"]
[White "Marin, Mihail"]
[Black "Godino Benitez, Miguel"]
[Result "1-0"]
[Annotator "RC"]
[ECO "A45"]
[WhiteElo "2431"]
[BlackElo "1845"]
[PlyCount "53"]
[EventDate "2025.01.10"]
[EventType "swiss"]
[EventCountry "ESP"]
[SourceTitle "playchess.com"]
[Source "ChessBase"]
[SourceQuality "1"]
[TimeControl "90+30"]

1. d4 Nf6 2. g3 e6 3. Bg2 c5 4. Nf3 Nc6 5. O-O Be7 6. c4 cxd4 7. Nxd4 h6 8. Nc3 O-O 9. b3 Bc5 10. Ndb5 d6 11. Na4 Bb4 12. a3 a6 13. Nd4 Nxd4 14. axb4 e5 15. Bb2 Nc6 16. Qd2 Qc7 17. Rac1 Be6 18. b5 Ne7 19. b6 Qd7 20. Rfd1 Rfd8 21. Qe3 Nf5 22. Qf3 e4 23. Qf4 Rac8 24. Bxf6 gxf6 25. Bxe4 d5 26. Bxf5 Bxf5 27. Rxd5 1-0

[Event "50th Ciudad Sevilla 2024"]
[Site "Sevilla"]
[Date "2025.01.10"]
[Round "1.14"]
[White "Mazo Ganan, Victor Manuel"]
[Black "Xu, Minghui"]
[Result "0-1"]
[Annotator "RC"]
[ECO "E30"]
[WhiteElo "1845"]
[BlackElo "2428"]
[PlyCount "76"]
[EventDate "2025.01.10"]
[EventType "swiss"]
[EventCountry "ESP"]
[SourceTitle "playchess.com"]
[Source "ChessBase"]
[SourceQuality "1"]
[TimeControl "90+30"]

1. d4 Nf6 2. c4 e6 3. Nc3 Bb4 4. Bg5 b6 5. Nf3 Bb7 6. e3 h6 7. Bxf6 Bxc3+ 8. bxc3 Qxf6 9. Be2 O-O 10. O-O d6 11. a4 Nc6 12. d5 Na5 13. dxe6 fxe6 14. Qd4 e5 15. Qg4 Nb3 16. Ra3 Nc5 17. a5 Bc8 18. Qh5 Be6 19. Nd2 bxa5 20. Bf3 Rab8 21. Rxa5 Rb2 22. Rxc5 dxc5 23. Ne4 Qf5 24. Qxf5 Bxf5 25. Nxc5 Rb1 26. Bd5+ Kh7 27. Rxb1 Bxb1 28. Nd7 Re8 29. c5 a5 30. Bc6 Rd8 31. Kf1 Bc2 32. Nxe5 a4 33. Bb5 a3 34. Bc4 Rb8 35. Nc6 Bb3 36. Bd3+ g6 37. Nb4 Rxb4 38. cxb4 a2 0-1

[Event "50th Ciudad Sevilla 2024"]
[Site "Sevilla"]
[Date "2025.01.10"]
[Round "1.15"]
[White "Del Rio De Angelis, Salvador G."]
[Black "Lozano Garcia, Antonio"]
[Result "1-0"]
[Annotator "ChessBase"]
[ECO "D30"]
[WhiteElo "2403"]
[BlackElo "1843"]
[PlyCount "43"]
[EventDate "2025.01.10"]
[EventType "swiss"]
[EventCountry "ESP"]
[SourceTitle "playchess.com"]
[Source "ChessBase"]
[SourceQuality "1"]
[TimeControl "90+30"]

1. d4 d5 2. c4 e6 3. Nf3 Nf6 4. e3 c6 5. Bd3 Nbd7 6. b3 Be7 7. O-O O-O 8. Bb2 a6 9. Nbd2 b5 10. Qc2 Bb7 11. Rad1 Rc8 12. c5 Re8 13. Ne5 g6 14. f4 Nxe5 15. fxe5 Ng4 16. Rf3 f5 17. exf6 Nxf6 18. Bxg6 Rf8 19. Rdf1 Qc7 20. Bxh7+ Nxh7 21. Qg6+ Kh8 22. Rf7 1-0

[Event "50th Ciudad Sevilla 2024"]
[Site "Sevilla"]
[Date "2025.01.10"]
[Round "1.17"]
[White "Isanzhulov, Arystan"]
[Black "Baquero Baquero, Antonio"]
[Result "1-0"]
[Annotator "RC"]
[ECO "B01"]
[WhiteElo "2397"]
[BlackElo "1836"]
[PlyCount "89"]
[EventDate "2025.01.10"]
[EventType "swiss"]
[EventCountry "ESP"]
[SourceTitle "playchess.com"]
[Source "ChessBase"]
[SourceQuality "1"]
[TimeControl "90+30"]

1. e4 d5 2. exd5 Nf6 3. Bb5+ Bd7 4. Be2 Nxd5 5. d4 e6 6. c4 Bb4+ 7. Bd2 Bxd2+ 8. Qxd2 Nf6 9. Nf3 Bc6 10. Ne5 Nfd7 11. Nf3 Nf6 12. O-O Bxf3 13. Bxf3 c6 14. b4 O-O 15. a4 Nbd7 16. a5 Rc8 17. a6 b6 18. Re1 Re8 19. Nc3 Qc7 20. Rad1 Qb8 21. g4 h6 22. h4 Nf8 23. Ne4 Nxe4 24. Bxe4 Qd6 25. g5 hxg5 26. hxg5 Nd7 27. f4 f5 28. Bb1 g6 29. c5 Qc7 30. Ba2 Nf8 31. Re5 bxc5 32. bxc5 Rb8 33. Bc4 Qh7 34. Kg2 Qd7 35. Qc3 Re7 36. Kg3 Rh7 37. Rde1 Re8 38. Qe3 Rhe7 39. Rb1 Qd8 40. Rb7 Qa5 41. Rxe7 Rxe7 42. Bxe6+ Nxe6 43. Rxe6 Rxe6 44. Qxe6+ Kg7 45. Qf6+ 1-0

[Event "50th Ciudad Sevilla 2024"]
[Site "Sevilla"]
[Date "2025.01.10"]
[Round "1.18"]
[White "Matias, Luis Miguel Rodrigue"]
[Black "Matamoros Franco, Carlos S."]
[Result "0-1"]
[Annotator "RC"]
[ECO "A10"]
[WhiteElo "1834"]
[BlackElo "2394"]
[PlyCount "66"]
[EventDate "2025.01.10"]
[EventType "swiss"]
[EventCountry "ESP"]
[SourceTitle "playchess.com"]
[Source "ChessBase"]
[SourceQuality "1"]
[TimeControl "90+30"]

1. c4 b6 2. Nc3 Bb7 3. Nf3 e6 4. d4 Bb4 5. Bf4 Nf6 6. a3 Bxc3+ 7. bxc3 d6 8. e3 Nbd7 9. Be2 Ne4 10. Rc1 g5 11. Bg3 h5 12. h4 g4 13. Nd2 Nxg3 14. fxg3 Bxg2 15. Rh2 Bb7 16. Rf2 Qe7 17. Qa4 f5 18. Bf1 O-O 19. Bg2 Bxg2 20. Rxg2 e5 21. Re2 c5 22. Qc6 Rae8 23. Qg2 Kg7 24. Kf1 Qf6 25. Rce1 Rf7 26. Nb3 Qg6 27. Kg1 Nf6 28. Nd2 Ne4 29. Rc1 Nxd2 30. Rxd2 Qh6 31. Qf2 f4 32. exf4 exf4 33. Rf1 Re3 0-1

[Event "50th Ciudad Sevilla 2024"]
[Site "Sevilla"]
[Date "2025.01.10"]
[Round "1.19"]
[White "Lin, Yingrui"]
[Black "Munoz Jorva, Miguel Angel"]
[Result "1-0"]
[Annotator "ChessBase"]
[ECO "A05"]
[WhiteElo "2393"]
[BlackElo "1831"]
[PlyCount "75"]
[EventDate "2025.01.10"]
[EventType "swiss"]
[EventCountry "ESP"]
[SourceTitle "playchess.com"]
[Source "ChessBase"]
[SourceQuality "1"]
[TimeControl "90+30"]

1. Nf3 Nf6 2. g3 g6 3. Bg2 Bg7 4. d4 d5 5. c4 c6 6. b3 O-O 7. Bb2 Na6 8. Nbd2 Bg4 9. Ne5 Bf5 10. O-O Nc7 11. h3 Rc8 12. g4 Be6 13. f4 Rb8 14. Rc1 Bc8 15. e3 Nfe8 16. Qe1 f6 17. Nd3 Nd6 18. Ba3 f5 19. Bxd6 exd6 20. g5 dxc4 21. bxc4 Be6 22. Nb3 Qd7 23. Qa5 Na6 24. c5 Bxb3 25. axb3 dxc5 26. Nxc5 Nxc5 27. Qxc5 a6 28. d5 cxd5 29. Qxd5+ Qxd5 30. Bxd5+ Kh8 31. Rc7 b6 32. Rfc1 Rfd8 33. Be6 a5 34. h4 Bb2 35. R1c2 Ba3 36. h5 Bc5 37. hxg6 Bxe3+ 38. Kf1 1-0

[Event "50th Ciudad Sevilla 2024"]
[Site "Sevilla"]
[Date "2025.01.10"]
[Round "1.20"]
[White "Ilinca Ilinca, Filip Antonio"]
[Black "Song, Yuxin"]
[Result "0-1"]
[Annotator "RC"]
[ECO "D01"]
[WhiteElo "1831"]
[BlackElo "2384"]
[PlyCount "72"]
[EventDate "2025.01.10"]
[EventType "swiss"]
[EventCountry "ESP"]
[SourceTitle "playchess.com"]
[Source "ChessBase"]
[SourceQuality "1"]
[TimeControl "90+30"]

1. d4 Nf6 2. Nc3 d5 3. Bf4 a6 4. e3 e6 5. Bd3 c5 6. dxc5 Bxc5 7. Nf3 b5 8. O-O Bb7 9. Re1 O-O 10. e4 b4 11. Na4 Bxf2+ 12. Kxf2 dxe4 13. Bxe4 Nxe4+ 14. Kg1 Qa5 15. c3 bxc3 16. Nxc3 Nxc3 17. bxc3 Rd8 18. Qe2 Qf5 19. Bg3 Bxf3 20. Qxf3 Qxf3 21. gxf3 Nc6 22. Rad1 h6 23. Kf1 g5 24. Bc7 Rdc8 25. Bg3 Ne7 26. Rd3 Nd5 27. Rc1 Rc4 28. Be1 Rac8 29. Kf2 Ra4 30. Rd2 Kh7 31. Rdc2 Rh4 32. Kg1 Rhc4 33. Kf2 R8c5 34. Bd2 Kg6 35. Kg3 Rc6 36. h3 Nb4 0-1

[Event "50th Ciudad Sevilla 2024"]
[Site "Sevilla"]
[Date "2025.01.11"]
[Round "2.1"]
[White "Pintor, Simao"]
[Black "Xu, Xiangyu"]
[Result "0-1"]
[Annotator "RC"]
[ECO "B61"]
[WhiteElo "2050"]
[BlackElo "2611"]
[PlyCount "50"]
[EventDate "2025.01.10"]
[EventType "swiss"]
[EventCountry "ESP"]
[SourceTitle "playchess.com"]
[Source "ChessBase"]
[SourceQuality "1"]
[TimeControl "90+30"]

1. e4 c5 2. Nf3 Nc6 3. d4 cxd4 4. Nxd4 Nf6 5. Nc3 d6 6. Bg5 Bd7 7. Qd2 a6 8. f3 e6 9. O-O-O Be7 10. Nxc6 Bxc6 11. h4 Rc8 12. Kb1 b5 13. Ne2 Bb7 14. Nd4 h6 15. Be3 Nd7 16. g4 d5 17. exd5 Bxd5 18. Nf5 O-O 19. Be2 Ne5 20. Bxh6 exf5 21. Qxd5 Qc7 22. Bf4 Qxc2+ 23. Ka1 Rfd8 24. Qxe5 Rxd1+ 25. Rxd1 Bf6 0-1

[Event "50th Ciudad Sevilla 2024"]
[Site "Sevilla"]
[Date "2025.01.11"]
[Round "2.2"]
[White "Iturrizaga Bonelli, Eduardo"]
[Black "Ribeiro, Bruno"]
[Result "1-0"]
[Annotator "RC"]
[ECO "A10"]
[WhiteElo "2574"]
[BlackElo "2047"]
[PlyCount "35"]
[EventDate "2025.01.10"]
[EventType "swiss"]
[EventCountry "ESP"]
[SourceTitle "playchess.com"]
[Source "ChessBase"]
[SourceQuality "1"]
[TimeControl "90+30"]

1. c4 b6 2. Nc3 Bb7 3. e4 e6 4. a3 f5 5. exf5 exf5 6. d4 Nf6 7. Nf3 Ne4 8. Bd3 Be7 9. O-O Nxc3 10. bxc3 O-O 11. Re1 g6 12. Bh6 Re8 13. c5 d5 14. Qe2 Nd7 15. Qe6+ Kh8 16. Qf7 Bf6 17. Ng5 Re7 18. Rxe7 1-0

[Event "50th Ciudad Sevilla 2024"]
[Site "Sevilla"]
[Date "2025.01.11"]
[Round "2.3"]
[White "Agdestein, Simen"]
[Black "Rubinshtein, Kamilla"]
[Result "1-0"]
[Annotator "TA"]
[ECO "E99"]
[WhiteElo "2564"]
[BlackElo "2045"]
[PlyCount "127"]
[EventDate "2025.01.10"]
[EventType "swiss"]
[EventCountry "ESP"]
[SourceTitle "playchess.com"]
[Source "ChessBase"]
[SourceQuality "1"]
[TimeControl "90+30"]

1. d4 Nf6 2. c4 g6 3. Nc3 Bg7 4. e4 d6 5. Nf3 O-O 6. Be2 e5 7. O-O Nc6 8. d5 Ne7 9. Ne1 Nd7 10. f3 f5 11. Nd3 f4 12. b4 a5 13. bxa5 Rxa5 14. a4 c5 {[%emt 0:00:00] White is slightly better.} 15. Bd2 Ra6 16. a5 g5 17. Na4 Qe8 18. Rb1 Qg6 19. Kh1 Kh8 20. Rg1 {[%emt 0:00:00] White is more active.} Ng8 21. g3 {[%emt 0:00:00] [#] gxf4 is the strong threat.} Qh6 22. Bf1 Ngf6 23. Nf2 Nb8 {[%emt 0:00:00] This costs Black the game.} ({Black should play} 23... Nh5 $1 $14) 24. Nb6 Rxb6 25. Rxb6 Nh5 26. Kg2 fxg3 27. hxg3 Nd7 28. Rb3 Qg6 $2 (28... Ndf6 29. Rh1 (29. Qc1 Nxg3 30. Bxg5 Qh5 $18) 29... Qg6) 29. Bd3 (29. Kh2 $142) 29... Ndf6 $18 30. Kf1 Bh6 31. Qc1 Rg8 32. Ke1 Bf8 33. Kd1 Ne8 34. Kc2 Qf7 35. Be2 ({Much less strong is} 35. Bxg5 Qxf3 36. Nh1 Qf7 $18) 35... Be7 36. Kb1 Bd8 37. Qc2 Bf6 38. Ng4 Qe7 39. Nh6 Rf8 {[%emt 0:00:14] [#]} (39... Rg6 {keeps fighting.} 40. Nf5 Qf7) 40. f4 $1 Nhg7 (40... Nxf4 41. gxf4) 41. f5 Nc7 42. Rh1 Nge8 43. Ng4 Rg8 44. Qc1 Rg7 45. Rh6 {[%emt 0:00:25][%cal Oa5a6] Strongly threatening a6!} Qf8 46. Bd3 Be7 47. Rb2 Nf6 48. Nxf6 Bxf6 49. Be3 Ne8 50. Rbh2 Qe7 (50... Bd8 $142 51. Rg6 Bd7 52. Bxg5 Bxg5 53. Qxg5 Qe7) 51. Be2 g4 52. Rg6 Kg8 53. Rxg4 Rxg4 54. Bxg4 Qc7 55. Bd2 b6 56. Bh5 Ng7 57. Be2 bxa5 58. g4 Qb6+ 59. Ka2 a4 60. Bd1 Bd8 61. g5 Qb7 62. Qa3 {[%emt 0:00:32][%cal Oa3h3] Black must now prevent Qh3!} Bd7 63. Qh3 Qa6 64. Qxh7+ {[%emt 0:00:29] Weighted Error Value: White=0.26 (precise) /Black=0.50.  Mistake:       	White=1     	Black=4      Inaccurate:     	White=2     	Black=4      OK:         	White=16    	Black=11     Best:        	White=1     	Black=2} 1-0

[Event "50th Ciudad Sevilla 2024"]
[Site "Sevilla"]
[Date "2025.01.11"]
[Round "2.4"]
[White "Ordonez Torres, Maria Del Carmen"]
[Black "Li, Di"]
[Result "0-1"]
[Annotator "RC"]
[ECO "B00"]
[WhiteElo "2046"]
[BlackElo "2544"]
[PlyCount "106"]
[EventDate "2025.01.10"]
[EventType "swiss"]
[EventCountry "ESP"]
[SourceTitle "playchess.com"]
[Source "ChessBase"]
[SourceQuality "1"]
[TimeControl "90+30"]

1. e4 Nc6 2. Nf3 d6 3. d4 Nf6 4. Nc3 a6 5. Bd3 g6 6. d5 Nb4 7. Be2 a5 8. O-O Bg7 9. Re1 O-O 10. Be3 e6 11. a3 Na6 12. Bf1 Re8 13. h3 exd5 14. exd5 Bd7 15. Qd2 Nc5 16. Bd4 Nce4 17. Nxe4 Nxe4 18. Qd1 Nf6 19. Qd2 Ne4 20. Qd1 Bf6 21. a4 c5 22. dxc6 bxc6 23. Bxf6 Qxf6 24. Qd4 Qxd4 25. Nxd4 Nc5 26. b3 Kf8 27. f3 Re5 28. Bc4 g5 29. Kf2 f6 30. Rad1 Ke7 31. Rd2 Rb8 32. Rdd1 d5 33. Be2 Kd6 34. Bf1 h5 35. g3 h4 36. g4 Rb4 37. Re2 Ne6 38. Nxe6 Bxe6 39. Rxe5 fxe5 40. Bd3 Rf4 41. Ke3 Kc5 42. Bg6 Kb4 43. Rd3 d4+ 44. Ke2 Bd5 45. Be8 c5 46. c4 e4 47. cxd5 exd3+ 48. Kxd3 Rxf3+ 49. Kd2 Rf8 50. Bb5 Kxb3 51. Kd3 Rf3+ 52. Ke4 Re3+ 53. Kf5 d3 0-1